 Dungeon Crawl Stone Soup version 0.29.1-14-g9c671dbff4 (webtiles) character file.

Game seed: 11736990497956642624

354 Wobber the Changer (level 6, -5/41 HPs)
             Began as an Octopode Transmuter on Feb 16, 2023.
             Slain by an ice beast (14 damage)
             ... on level 4 of the Dungeon.
             The game lasted 00:11:33 (3829 turns).

Wobber the Changer (Octopode Transmuter)            Turns: 3829, Time: 00:11:34

Health: -5/41      AC:  1    Str:  9    XL:     6   Next: 63%
Magic:  7/10       EV: 13    Int: 24    God:
Gold:   194        SH:  0    Dex: 12    Spells: 4/11 levels left

rFire   . . .      SeeInvis .     - Unarmed
rCold   . . .      Faith    .   (no shield)
rNeg    . . .      Spirit   .   (helmet currently unavailable)
rPois   .          Reflect  .   e - amulet of the acrobat
rElec   .          Harm     .   d - ring of wizardry
rCorr   .          Rampage  .   p - +6 ring of intelligence
Will    .....                   (no ring)
Stlth   ++........              (no ring)
HPRegen 0.13/turn               (no ring)
MPRegen 0.12/turn               (no ring)
                                (no ring)
                                (no ring)

@: appendages, wereblooded
A: tentacle spike 3, almost no armour, amphibious, 8 rings, camouflage 1,
gelatinous body 1, (nimble swimmer 1), tentacles
a: End Transformation


You were on level 4 of the Dungeon.
One of your tentacles had grown a beastly spike.
You visited 1 branch of the dungeon, and saw 4 of its levels.

You collected 194 gold pieces.

Inventory:

Armour
 i - a +0 buckler
Jewellery
 d - a ring of wizardry (left tentacle)
 e - an amulet of the acrobat (around mantle)
 p - a +6 ring of intelligence (right tentacle)
Scrolls
 f - a scroll of teleportation {unknown}
 g - 2 scrolls of enchant armour
 k - a scroll of identify
 l - a scroll of vulnerability {unknown}
 m - 3 scrolls of butterflies {unknown}
 n - 2 scrolls of magic mapping {unknown}
Potions
 a - 4 potions of lignification
 b - a potion of brilliance {unknown}
 c - a potion of heal wounds
 h - a potion of ambrosia
 j - 2 potions of curing
 o - 2 potions of haste {unknown}


   Skills:
 - Level 2.6 Fighting
 - Level 2.0 Dodging
 - Level 3.1 Unarmed Combat
 + Level 3.3 Spellcasting
 * Level 4.7 Transmutations
 * Level 2.2 Ice Magic


You had 4 spell levels left.
You knew the following spells:

 Your Spells              Type           Power      Damage    Failure   Level
a - Beastly Appendage     Tmut           52%        N/A       1%          1
b - Wereblood             Tmut           26%        N/A       1%          2
c - Ice Form              Ice/Tmut       20%        N/A       11%         4

Your spell library contained the following spells:

 Spells                   Type           Power      Damage    Failure   Level
 Spider Form              Tmut/Pois      15%        N/A       4%          3


Dungeon Overview and Level Annotations

Branches:
Dungeon (4/15)
 Temple: D:4-7

Altars:
Elyvilon
Trog
Yredelemnul


Innate Abilities, Weirdness & Mutations

One of your tentacles has grown a beastly spike.
You cannot wear most types of armour.
You are amphibious.
You can wear up to eight rings at the same time.
Your skin changes colour to match your surroundings (Stealth+).
Your rubbery body absorbs attacks. (AC +1, EV +1)
((You are camouflaged when in or above water. (Stealth+)))
You have tentacles for arms and can constrict up to eight enemies at once.


Message History

You tentacle-slap the worm but do no damage.
The worm is heavily wounded.
You constrict the worm. The worm bites you!
You tentacle-slap the worm.
The worm is severely wounded.
You constrict the worm. You bludgeon the worm!
You feel a bit better.
You kill the worm!
You see here a worm corpse.
You see here a +0 mace.
Your primal bloodlust is almost over.
You see here a +0 cloak.
Your primal bloodlust has ended.
You hear the brisk rusting of a distant drain.
You hear the brisk hiss of an avalanche of sand nearby.
Found a short sword.
An ice beast comes into view.
One of your tentacles grows a vicious spike.
Casting: Beastly Appendage (safe; 1% risk of failure)
Confirm with . or Enter, or press ? or * to list all spells.
Your blood is infused with primal strength.
You closely miss the ice beast.
You pierce the ice beast.
You squeeze the ice beast.
The ice beast is lightly wounded.
The ice beast hits you. The ice beast freezes you!
You tentacle-slap the ice beast but do no damage.
Your tentacle-slap misses the ice beast.
Your squeeze misses the ice beast.
The ice beast is lightly wounded.
The ice beast hits you. The ice beast freezes you!
* * * LOW HITPOINT WARNING * * *
You barely miss the ice beast.
You pierce the ice beast.
The ice beast is moderately wounded.
The ice beast closely misses you.
You barely miss the ice beast.
The ice beast is moderately wounded.
The ice beast hits you.
* * * LOW HITPOINT WARNING * * *
The ice beast freezes you!
You die...

.# )# .# ##.##
#... #######..#
......Y..# #@#
.# ..
###.##.##.#..
###.........#.
#...##........
#.####...#...
#.# #.....## ##
#.####..##.##...
#...............
#..#.....#.##..


You could see an ice beast.

Vanquished Creatures
  An ogre (D:4)
  The ghost of AverageBear the Trooper, a weakling DsFi (D:3)
  A hound (D:4)
  3 orc wizards
  5 adders
  An ufetubus (D:4)
  2 worms (D:4)
  3 dart slugs
  6 orcs
  7 ball pythons
  6 endoplasms
  3 giant cockroaches
  5 goblins
  5 hobgoblins
  A quokka (D:1)
  2 bats (D:1)
  2 frilled lizards
  5 kobolds
  6 rats
65 creatures vanquished.

Notes
Turn   | Place    | Note
-------+----------+-------------------------------------------
     0 | D:1      | Wobber the Octopode Transmuter began the quest for the Orb.
     0 | D:1      | Reached XP level 1. HP: 13/13 MP: 3/3
   114 | D:1      | Reached XP level 2. HP: 15/18 MP: 3/5
   117 | D:1      | Learned a level 2 spell: Wereblood
   804 | D:1      | Found a faded altar of an unknown god.
  1067 | D:1      | Reached XP level 3. HP: 23/23 MP: 6/6
  1287 | D:2      | Reached skill level 3 in Transmutations
  2008 | D:2      | Reached XP level 4. HP: 15/28 MP: 6/8
  2549 | D:3      | Reached XP level 5. HP: 34/34 MP: 5/9
  2623 | D:3      | Reached skill level 4 in Transmutations
  2720 | D:3      | Found a basalt altar of Yredelemnul.
  2893 | D:3      | Found a bloodstained altar of Trog.
  2983 | D:3      | Found a runed translucent door.
  2985 | D:3      | Noticed AverageBear's ghost (weakling DsFi)
  2995 | D:3      | Learned a level 4 spell: Ice Form
  3329 | D:3      | Killed AverageBear's ghost
  3417 | D:4      | Noticed an ogre
  3479 | D:4      | Reached skill level 1 in Ice Magic
  3494 | D:4      | Killed an ogre
  3495 | D:4      | Reached XP level 6. HP: 40/41 MP: 7/10
  3687 | D:4      | Found a white marble altar of Elyvilon.
  3823 | D:4      | Noticed an ice beast
  3829 | D:4      | Slain by an ice beast

Illustrated notes

Levels and vault maps discovered:
D:1:      erik_arrival_blinker_ship, layout_loops_ring,
          shapermc_ecumenical_altar_mp_vishouse
D:2:      layout_rooms, minmay_hexomino_f4
D:3:      layout_basic, yredelemnul_altar_generic,
          mainiacjoe_overflow_small_starburst, serial_glass, glass_columns_a,
          glass_columns_c, minmay_strange_pillars, gammafunk_ghost_grave
D:4:      layout_loops_cross, elyvilon_altar_5, enter_ossuary_4,
          portal_sewer_entry_e, nicolae_elemental_shop, sigmund_army

Skill      XL: |  1  2  3  4  5  6 |
---------------+-------------------+-----
Transmutations | 3 4 |  4.7
Fighting       | 2 |  2.6
Spellcasting   | 3 |  3.3
Ice Magic      | 1 2 |  2.2
Dodging        | |  2.0
Unarmed Combat | |  3.1

Action                   |  1- 3 |  4- 6 || total
-------------------------+-------+-------++-------
Melee: Unarmed           |    68 |   110 ||   178
       Tentacles         |    16 |    23 ||    39
       Constrict         |    20 |    23 ||    43
       Kick              |    21 |    32 ||    53
       Punch             |     2 |     1 ||     3
 Cast: Beastly Appendage |    22 |    18 ||    40
       Wereblood         |     4 |     8 ||    12
       Ice Form          |       |     1 ||     1
  Use: Scroll            |     4 |     2 ||     6
       Potion            |       |     3 ||     3
 Stab: Sleeping          |     4 |     3 ||     7
Armor: Skin              |       |     1 ||     1
Dodge: Dodged            |    36 |    56 ||    92
